 Dungeon Crawl Stone Soup version 0.28-a0-1435-g82390b3a13 (webtiles) character file.

Game seed: 15939262371771853500

137287 Lekart the Fencer (level 16, -8/144 HPs)
             Began as a Black Draconian Fighter on Jan 9, 2022.
             Was a High Priest of the Shining One.
             Killed from afar by a fire giant (45 damage)
             ... with a bolt of fire
             ... on level 1 of the Depths.
             The game lasted 00:56:45 (34694 turns).

Lekart the Fencer (Black Draconian Fighter)        Turns: 34694, Time: 00:56:46

Health: -8/144     AC: 16    Str: 22    XL:     16   Next: 68%
Magic:  25/26      EV: 18    Int: 10    God:    the Shining One [*****.]
Gold:   486        SH: 14    Dex: 18    Spells: 22/24 levels left

rFire   . . .      SeeInvis .   s - +4 scimitar (flame)
rCold   . . .      Faith    .   H - +1 kite shield {rF+}
rNeg    + + +      Spirit   .   (armour unavailable)
rPois   +          Reflect  .   (helmet restricted)
rElec   +          Harm     .   o - +1 cloak
rCorr   .          Rampage  .   i - +0 pair of gloves
Will    +....                   (no boots)
Stlth   +.........              b - amulet "Taylyeba" {Acrobat rPois rF- Str+2 Dex+4}
HPRegen 0.34/turn               a - +4 ring of protection
MPRegen 0.20/turn               m - ring of positive energy

@: wereblooded, flying, glowing
A: breathe lightning, AC +9, unfitting armour, big wings, electricity
resistance, cold-blooded, clumsy 1, screaming 1
a: Breathe Lightning, Renounce Religion, Divine Shield, Cleansing Flame, Summon
Divine Warrior


You were on level 1 of the Depths.
You worshipped the Shining One.
The Shining One was extremely pleased with you.
You visited 5 branches of the dungeon, and saw 25 of its levels.
You also visited: Ice Cave.

You collected 2512 gold pieces.
You spent 2026 gold pieces at shops.

Inventory:

Hand Weapons
 g - a +0 long sword of holy wrath
 l - a +4 vorpal scimitar
 s - a +4 scimitar of flaming (weapon)
Missiles
 e - 105 poisoned darts (quivered)
 q - 4 silver javelins
Armour
 i - a +0 pair of gloves (worn)
 o - a +1 cloak (worn)
 D - a +0 buckler of cold resistance
 H - a +1 kite shield of fire resistance (worn)
Jewellery
 a - a +4 ring of protection (left hand)
 b - the amulet "Taylyeba" (around neck) {Acrobat rPois rF- Str+2 Dex+4}
   (You found it on level 8 of the Dungeon)

   [amulet of the acrobat]

   It increases your evasion while moving and waiting.
   Str:       It affects your strength (+2).
   Dex:       It affects your dexterity (+4).
   rF:        It makes you vulnerable to fire.
   rPois:     It protects you from poison.
 f - an amulet of guardian spirit
 m - a ring of positive energy (right hand)
 x - a +6 ring of intelligence
 C - an amulet of magic regeneration
 K - a ring of ice
 L - a ring of protection from cold
 M - a ring of magical power
 O - a +4 ring of evasion
 P - the ring "Umaatzuch" {Fire Fly Will- rCorr Int+7}
   (You found it on level 6 of the Lair of Beasts)

   [ring of fire]

   It enhances your fire magic.
   Int:       It affects your intelligence (+7).
   rF:        It protects you from fire.
   rC:        It makes you vulnerable to cold.
   Fly:       It grants you flight.
   rCorr:     It protects you from acid and corrosion.
   Will:      It decreases your willpower.
Wands
 d - a wand of mindburst (20)
 k - a wand of iceblast (18)
 u - a wand of polymorph (11)
 y - a wand of flame (12)
 G - a wand of paralysis (3)
 N - a wand of acid (4)
Scrolls
 h - a scroll of amnesia
 j - 4 scrolls of immolation
 p - 6 scrolls of identify
 r - 9 scrolls of teleportation
 t - 3 scrolls of blinking
 A - 2 scrolls of enchant weapon
Potions
 c - 5 potions of might
 n - 5 potions of heal wounds
 w - 2 potions of ambrosia
 z - 4 potions of lignification
 B - 9 potions of curing
 E - 2 potions of attraction
 F - 2 potions of brilliance
Miscellaneous
 I - a box of beasts (inert)
 J - a phial of floods


   Skills:
 + Level 13.6 Fighting
 + Level 15.1 Long Blades
 + Level 0.8 Maces & Flails
 + Level 3.2 Throwing
 + Level 11.8 Dodging
 + Level 12.8 Shields
 + Level 4.8 Spellcasting
 + Level 5.1 Transmutations
 * Level 14.4 Invocations
 + Level 3.0 Evocations


You had 22 spell levels left.
You knew the following spells:

 Your Spells              Type           Power      Damage    Failure   Level
a - Wereblood             Tmut           12%        N/A       9%          2

Your spell library contained the following spells:

 Spells                   Type           Power      Damage    Failure   Level
 Beastly Appendage        Tmut           24%        N/A       5%          1
 Animate Skeleton         Necr           4%         N/A       41%         1
 Pain                     Necr           8%         1d4       41%         1
 Shock                    Conj/Air       8%         1d3       41%         1
 Slow                     Hex            8%         N/A       41%         1
 Sublimation of Blood     Necr           2%         N/A       56%         2
 Confusing Touch          Hex            2%         N/A       80%         3
 Gell's Gravitas          Tloc           2%         N/A       80%         3
 Lesser Beckoning         Tloc           2%         N/A       80%         3
 Mephitic Cloud           Conj/Pois/Air  2%         N/A       80%         3
 Portal Projectile        Hex/Tloc       4%         N/A       80%         3
 Swiftness                Air            2%         N/A       80%         3
 Teleport Other           Tloc           2%         N/A       80%         3
 Vampiric Draining        Necr           2%         2d6       80%         3
 Blade Hands              Tmut           6%         N/A       83%         5
 Airstrike                Air            1%         N/A       99%         4
 Fulminant Prism          Conj/Hex       1%         3d6       99%         4
 Iskenderun's Mystic Bla  Conj/Tloc      2%         2d3       99%         4
 Leda's Liquefaction      Hex/Erth       1%         N/A       99%         4
 Excruciating Wounds      Necr           1%         N/A       100%        5
 Lee's Rapid Deconstruct  Erth           1%         3d5*      100%        5
 Statue Form              Tmut/Erth      4%         N/A       100%        6
 Dragon Form              Tmut           6%         N/A       100%        7
 Summon Hydra             Summ           1%         N/A       100%        7
 Necromutation            Tmut/Necr      3%         N/A       100%        8


Dungeon Overview and Level Annotations

Branches:
Dungeon (15/15)            Temple (1/1) D:4            Lair (6/6) D:10
 Shoals (0/4) Lair:4       Spider (0/4) Lair:2        Slime (0/5) Lair:6
    Orc (2/2) D:12            Elf (0/3) Orc:2        Vaults (0/5) D:13
 Depths (1/4) D:15          IceCv (visited)

Altars:
Ashenzari
Cheibriados
Dithmenos
Elyvilon
Fedhas
Gozag
Hepliaklqana
Kikubaaqudgha
Makhleb
Nemelex Xobeh
Okawaru
Qazlal
Ru
Sif Muna
Trog
Uskayaw
Vehumet
Wu Jian
Xom
Yredelemnul
Zin
The Shining One
Beogh
Jiyva

Shops:
D:11 :   D:13 [   Orc:1 !   Orc:2 !:*[?

Annotations:
D:4 Dowan, Duvessa
D:6 exclusion: downstairs
D:13 exclusion: downstairs
D:14 exclusion: downstairs


Innate Abilities, Weirdness & Mutations

You can breathe wild blasts of lightning.
Your glossy black scales are hard. (AC +9)
You cannot fit into any form of body armour.
Your large and strong wings let you fly.
You are resistant to electric shocks. (rElec)
You are cold-blooded and may be slowed by cold attacks.
You are clumsy. (Dex -2)
You occasionally shout uncontrollably at your foes.


Message History

Confirm with . or Enter, or press ? or * to list all spells.
You miscast Wereblood.
You are very lightly contaminated with residual magic.
Nothing appears to happen.
Casting: Wereblood (safe; 9% risk of failure)
Confirm with . or Enter, or press ? or * to list all spells.
Your blood is infused with primal strength.
You howl at the fire giant!
A fire giant comes into view.
It is wielding a +2 great sword of flaming.
The fire giant shouts!
Your magical contamination has completely faded away.
There is a staircase back to the Dungeon, spattered with blood here.
The fire giant gestures at you while chanting.
The fireball explodes!
The fireball engulfs you!!!
You open the lid... ...and a larval shockfire beast leaps out!
The box is emptied!
You hit the fire giant.
The fire giant is lightly wounded.
You slash the fire giant! You burn the fire giant.
You tail-slap the fire giant.
The fire giant is moderately wounded.
The fire giant hits you with a +2 great sword of flaming!
The fire giant burns you.
You slash the fire giant!
You tail-slap the fire giant, but do no damage.
The fire giant is heavily wounded.
You block the fire giant's attack.
You slash the fire giant!
The fire giant is heavily wounded.
The fire giant gestures at you while chanting.
The bolt of fire hits you!!!
* * * LOW HITPOINT WARNING * * *
The bolt of fire hits your larval shockfire beast!
Your larval shockfire beast resists.
You slash the fire giant! You tail-slap the fire giant.
The fire giant is heavily wounded.
The fire giant points at you and mumbles some strange words.
The bolt of fire hits you!!!
You die...

....................##
.....##.......#.....#
.......#.............#
#.......[..#.....#..##
#..................##
#...>.......#.....#
u.#....#..#'###....##
..u....#..#..###C#.#
≈...u..u..#....#@#.#
≈....#....#....#H.##
≈..u.##G..####.#..#
≈....##.....# #####
≈....#......#
........#####
.......### .........#
.........#


You could see a fire giant (ally target) and a friendly larval shockfire beast
(summoned).

Vanquished Creatures
  A lich (Depths:1)
  Kirke (D:13)
  Agnes (D:14)
  2 azure jellies (Lair:6)
  A very ugly thing (D:15)
  A stone giant (D:15)
  2 ettins (D:15)
  A great orb of eyes (Depths:1)
  An ice dragon (D:15)
  2 ogre magi
  Fannar (Lair:3)
  2 boulder beetles
  4 catoblepae
  7 hydras
  Erica (D:10)
  6 two-headed ogres
  3 centaur warriors
  13 death yaks
  A tengu warrior (D:15)
  3 orc high priests (Orc:2)
  Sonja (D:10)
  A lindwurm (Lair:4)
  5 orc knights
  A deep elf zephyrmancer (D:13)
  10 ugly things
  3 orc sorcerers (Orc:2)
  6 cyclopes
  6 manticores
  An ice statue (IceCv)
  5 elephants
  Joseph (D:10)
  A merfolk siren (Lair:4)
  7 black mambas
  Maurice (D:13)
  13 cane toads
  A torpor snail (Lair:4)
  A gargoyle (D:13)
  8 rime drakes
  8 komodo dragons
  A tengu conjurer (D:15)
  2 ice devils (Lair:3)
  An entropy weaver simulacrum (IceCv)
  2 trolls
  10 polar bears
  8 hornets
  3 merfolk (Lair:4)
  4 blink frogs
  A dream sheep (Lair:6)
  20 slime creatures
  10 spriggans (Lair:6)
  2 water elementals (D:14)
  40 yaks
  4 hogs (D:13)
  A dire elephant simulacrum (IceCv)
  3 shadows
  A golden eye (shapeshifter) (D:15)
  10 wyverns
  2 wraiths
  10 basilisks
  13 vampire mosquitoes
  A death yak simulacrum (IceCv)
  Menkaure (D:7)
  A warg (Orc:1)
  A harpy simulacrum (IceCv)
  17 water moccasins
  An acid dragon (D:11)
  2 floating eyes (Orc:1)
  A hell hound (Lair:6)
  16 orc warriors
  An ice beast (D:6)
  7 black bears
  A sky beast (D:5)
  4 boggarts (Lair:6)
  4 necrophages
  7 ogres
  32 wolves
  16 centaurs
  4 kobold brigands
  11 bullfrogs
  6 two-headed ogre simulacra (IceCv)
  2 gnoll sergeants
  5 cane toad simulacra (IceCv)
  A wyvern zombie (D:6)
  4 scorpions
  3 water moccasin zombies
  A water moccasin skeleton (D:7)
  8 killer bees (D:9)
  2 elephant simulacra (IceCv)
  3 howler monkeys
  23 wights
  11 electric eels
  8 centaur zombies
  2 bullfrog zombies (D:6)
  A jelly (D:6)
  A bullfrog skeleton (D:7)
  15 orc priests
  2 hounds (D:7)
  Crazy Yiuf (D:6)
  5 iguanas
  16 orc wizards
  2 polar bear simulacra (IceCv)
  4 troll simulacra (IceCv)
  5 hell rats (Lair:6)
  4 spriggan simulacra (IceCv)
  A killer bee zombie (D:6)
  2 wolf simulacra (IceCv)
  A mummy (D:6)
  9 gnolls
  4 adders
  4 naga simulacra (IceCv)
  8 white imps
  5 ufetubi (IceCv)
  4 dart slugs
  48 orcs
  3 endoplasms
  2 giant cockroaches
  3 goblins (D:1)
  3 hobgoblins (D:1)
  5 jackals
  19 kobolds
  6 quokkas
  3 ball pythons (D:1)
  5 bats
  4 frilled lizards
  2 hobgoblin zombies (D:6)
  A kobold zombie (D:6)
  An orc zombie (D:6)
  5 rats
693 creatures vanquished.

Vanquished Creatures (collateral kills)
  A reaper (IceCv)
  3 very ugly things (D:15)
  A boulder beetle (D:13)
  2 ogre magi (Orc:1)
  5 death yaks (Lair:5)
  A hell knight (D:15)
  5 skeletal warriors (D:14)
  A deep troll (D:15)
  A necromancer (D:15)
  3 orc sorcerers
  4 elephants (Lair:5)
  A cane toad (Lair:5)
  An entropy weaver simulacrum (IceCv)
  2 spriggans (Lair:6)
  A wyvern (Lair:5)
  7 yaks
  3 orc warriors (Orc:2)
  A two-headed ogre simulacrum (IceCv)
  An orc priest (Orc:2)
  3 orc wizards (Orc:2)
  A spriggan simulacrum (IceCv)
  2 orcs
50 creatures vanquished.

Vanquished Creatures (others)
  4 bushes (D:6)
  46 fungi
  87 plants
137 creatures vanquished.

Grand Total: 880 creatures vanquished

Notes
Turn   | Place    | Note
-------+----------+-------------------------------------------
     0 | D:1      | Lekart the Draconian Fighter began the quest for the Orb.
     0 | D:1      | Reached XP level 1. HP: 19/19 MP: 1/1
   138 | D:1      | Reached XP level 2. HP: 15/26 MP: 2/2
   850 | D:1      | Reached XP level 3. HP: 33/33 MP: 3/3
  1345 | D:2      | Found a glowing golden altar of the Shining One.
  1539 | D:2      | Became a worshipper of the Shining One
  1700 | D:3      | Reached skill level 1 in Throwing
  2033 | D:4      | Noticed Duvessa
  2033 | D:4      | Noticed Dowan
  2036 | D:4      | Noticed a black bear
  2037 | D:4      | Found a staircase to the Ecumenical Temple.
  2043 | Temple   | Entered the Ecumenical Temple
  2536 | D:5      | Entered Level 5 of the Dungeon
  2539 | D:5      | Reached XP level 4. HP: 25/40 MP: 4/4
  2728 | D:5      | Noticed a water moccasin
  2739 | D:5      | Killed a water moccasin
  2740 | D:5      | Reached skill level 3 in Long Blades
  2740 | D:5      | Reached skill level 1 in Invocations
  2740 | D:5      | Reached XP level 5. HP: 36/47 MP: 4/6
  2841 | D:5      | Noticed a sky beast
  2857 | D:5      | Killed a sky beast
  2858 | D:5      | Reached XP level 6. HP: 14/53 MP: 7/7
  3150 | D:5      | Reached * piety under the Shining One
  3199 | D:5      | Reached skill level 4 in Long Blades
  3551 | D:5      | Reached skill level 5 in Fighting
  3551 | D:5      | Your scales start taking on a glossy black colour.
  3551 | D:5      | Reached XP level 7. HP: 48/61 MP: 7/9
  3551 | D:5      | Gained mutation: You are resistant to electric shocks.
                  | (rElec) [Black Draconian growth]
  3765 | D:5      | Noticed a shadow
  3775 | D:5      | Killed a shadow
  4291 | D:6      | Reached skill level 5 in Long Blades
  4735 | D:6      | Found a runed translucent door.
  4736 | D:6      | Noticed Crazy Yiuf
  5052 | D:6      | Found a blossoming altar of Fedhas.
  5056 | D:6      | Reached ** piety under the Shining One
  5221 | D:6      | Noticed a wraith
  5232 | D:6      | Killed a wraith
  5233 | D:6      | Reached XP level 8. HP: 50/70 MP: 10/10
  5368 | D:6      | Reached skill level 6 in Long Blades
  5946 | D:6      | Killed Crazy Yiuf
  6028 | D:7      | Reached skill level 7 in Long Blades
  6126 | D:7      | Reached XP level 9. HP: 79/79 MP: 12/12
  6154 | D:7      | Reached skill level 5 in Dodging
  6174 | D:7      | Reached *** piety under the Shining One
  6218 | D:7      | HP: 2/78 [wight (3)]
  6567 | D:6      | Reached skill level 5 in Invocations
  6627 | D:7      | Noticed Menkaure
  6632 | D:7      | Killed Menkaure
  6932 | D:7      | Reached skill level 8 in Long Blades
  7215 | D:7      | Noticed a cyclops
  7615 | D:7      | Killed a cyclops
  8100 | D:8      | Found an iron altar of Okawaru.
  8191 | D:8      | Got the Tome of Shifting Contamination
  8205 | D:8      | Noticed an ogre mage
  8217 | D:8      | Killed an ogre mage
  8218 | D:8      | Reached skill level 5 in Shields
  8218 | D:8      | Reached XP level 10. HP: 42/88 MP: 1/14
  8414 | D:8      | Got Xeri's Papyrus of Air and Changing
  8418 | D:8      | Learned a level 2 spell: Wereblood
  8654 | D:8      | Identified the amulet "Taylyeba" {Acrobat rPois rF- Str+2
                  | Dex+4}
  8735 | D:8      | Found a sparkling altar of Nemelex Xobeh.
  8921 | D:8      | Reached skill level 9 in Long Blades
  9224 | D:9      | Noticed a cyclops
  9239 | D:9      | Killed a cyclops
  9397 | D:9      | Found a hide-covered altar of Uskayaw.
  9397 | D:9      | Found a sacrificial altar of Ru.
  9624 | D:9      | Reached **** piety under the Shining One
 10082 | D:9      | Found a shadowy altar of Dithmenos.
 10320 | D:10     | Entered Level 10 of the Dungeon
 10546 | D:10     | Noticed Joseph
 10628 | D:10     | Killed Joseph
 10721 | D:10     | Reached skill level 10 in Long Blades
 10721 | D:10     | Reached XP level 11. HP: 75/97 MP: 16/16
 10751 | D:10     | Found a staircase to the Lair.
 11590 | D:10     | Found a glowing golden altar of the Shining One.
 11622 | D:10     | Noticed Erica
 11649 | D:10     | Killed Erica
 11821 | D:10     | Found a glowing silver altar of Zin.
 11878 | D:10     | Noticed Sonja
 11909 | D:10     | Killed Sonja
 12203 | D:11     | Noticed a two-headed ogre
 12211 | D:11     | Killed a two-headed ogre
 12421 | D:11     | Noticed a two-headed ogre
 12425 | D:11     | Reached skill level 1 in Evocations
 12433 | D:11     | Killed a two-headed ogre
 12794 | D:11     | Found Zeth's Book Emporium.
 13052 | D:11     | Noticed a two-headed ogre
 13059 | D:11     | Killed a two-headed ogre
 13060 | D:11     | Reached skill level 11 in Long Blades
 13485 | D:12     | Reached ***** piety under the Shining One
 13499 | D:12     | Reached XP level 12. HP: 63/106 MP: 18/18
 13835 | D:12     | Found a staircase to the Orcish Mines.
 13841 | D:12     | Noticed a two-headed ogre
 13850 | D:12     | Killed a two-headed ogre
 14011 | D:12     | Noticed a boulder beetle
 14026 | D:12     | Killed a boulder beetle
 14027 | D:12     | Reached skill level 10 in Fighting
 14451 | Orc:1    | Entered Level 1 of the Orcish Mines
 14451 | Orc:1    | Found Giptoisi's Distillery.
 14632 | Orc:2    | Entered Level 2 of the Orcish Mines
 14671 | Orc:1    | Reached skill level 12 in Long Blades
 14918 | Orc:2    | Found Danefevoh's Distillery.
 14921 | Orc:1    | Noticed a two-headed ogre
 14932 | Orc:1    | Killed a two-headed ogre
 15308 | Orc:1    | Reached skill level 10 in Invocations
 15516 | Orc:1    | Noticed an ogre mage
 15524 | Orc:1    | Killed an ogre mage
 15527 | Orc:1    | Paralysed by a floating eye for 2 turns
 15580 | Orc:1    | Noticed an ogre mage
 15598 | Orc:1    | Killed an ogre mage
 15692 | Orc:1    | Noticed an ogre mage
 15693 | Orc:1    | Paralysed by an ogre mage for 3 turns
 15700 | Orc:1    | Killed an ogre mage
 15780 | Orc:2    | Reached XP level 13. HP: 114/114 MP: 12/20
 15797 | Orc:2    | Bought a potion of experience for 900 gold pieces
 15797 | Orc:2    | Gained mutation: Your large and strong wings let you fly.
                  | [Black Draconian growth]
 15797 | Orc:2    | Reached XP level 14. HP: 108/122 MP: 16/21
 15972 | Orc:2    | Found Baisur's Book Shoppe.
 15975 | Orc:2    | Paralysed by an orc sorcerer for 2 turns
 16861 | Orc:2    | Found a staircase to the Elven Halls.
 17195 | Orc:2    | Reached skill level 13 in Long Blades
 17205 | Orc:2    | Found Teifyuw's General Store.
 17206 | Orc:2    | Found Galoh's Magic Scroll Shop.
 17206 | Orc:2    | Found Cintoc's Antique Armour Shop.
 17224 | Orc:2    | Bought a scroll of enchant weapon for 105 gold pieces
 17224 | Orc:2    | Bought a scroll of enchant weapon for 105 gold pieces
 17226 | Orc:2    | Bought a scroll of teleportation for 45 gold pieces
 17722 | D:12     | Found a shimmering blue altar of Sif Muna.
 17821 | D:13     | Noticed Kirke
 17829 | D:13     | Killed Kirke
 18253 | D:13     | Noticed Maurice
 18261 | D:13     | Killed Maurice
 18654 | D:13     | Found a gate to the Vaults.
 18697 | D:13     | Found Qaavippi's Antique Armour Shoppe.
 19536 | D:14     | Reached skill level 10 in Shields
 20022 | D:14     | Found a broken altar of Ashenzari.
 20527 | D:14     | Noticed Agnes
 20536 | D:14     | Killed Agnes
 21221 | D:15     | Entered Level 15 of the Dungeon
 21273 | D:15     | Reached skill level 14 in Long Blades
 21837 | D:15     | Reached XP level 15. HP: 129/132 MP: 22/24
 21987 | D:15     | Reached skill level 10 in Dodging
 22119 | D:15     | Found a staircase to the Depths.
 22504 | Lair:1   | Entered Level 1 of the Lair of Beasts
 22631 | Lair:1   | Reached skill level 5 in Transmutations
 23544 | D:13     | Bought a glowing kite shield for 255 gold pieces
 24361 | Lair:2   | Found a hole to the Spider Nest.
 25102 | Lair:3   | Found a frozen archway.
 25121 | IceCv    | Entered an ice cave
 25619 | IceCv    | Reached ****** piety under the Shining One
 26126 | Lair:3   | Noticed Fannar
 26144 | Lair:3   | Killed Fannar
 28289 | Lair:4   | Found a staircase to the Shoals.
 30165 | Lair:6   | Entered Level 6 of the Lair of Beasts
 30196 | Lair:6   | Reached XP level 16. HP: 129/141 MP: 26/26
 31620 | Lair:6   | Identified the ring "Umaatzuch" {Fire Fly Will- rCorr
                  | Int+7}
 32366 | Lair:6   | Found a runed translucent door.
 32366 | Lair:6   | Found a viscous altar of Jiyva.
 32370 | Lair:6   | Found a staircase to the Slime Pits.
 32515 | Lair:6   | Reached skill level 15 in Long Blades
 32989 | Depths:1 | Entered Level 1 of the Depths
 33101 | Orc:2    | Bought a potion of mutation for 144 gold pieces
 33101 | Orc:2    | Bought a potion of heal wounds for 90 gold pieces
 33101 | Orc:2    | Bought a potion of curing for 54 gold pieces
 33101 | Orc:2    | Bought a potion of heal wounds for 90 gold pieces
 33101 | Orc:2    | Gained mutation: You expend magic power (3 MP) to
                  | strengthen your wands. [potion of mutation]
 33101 | Orc:2    | Gained mutation: Your magical capacity is low. (-10% MP)
                  | [potion of mutation]
 33102 | Orc:2    | Lost mutation: You expend magic power (3 MP) to strengthen
                  | your wands. [potion of mutation]
 33102 | Orc:2    | Lost mutation: Your magical capacity is low. (-10% MP)
                  | [potion of mutation]
 33102 | Orc:2    | Gained mutation: You are clumsy. (Dex -2) [potion of
                  | mutation]
 33102 | Orc:2    | Gained mutation: You occasionally shout uncontrollably at
                  | your foes. [potion of mutation]
 33118 | Orc:1    | Bought 2 potions of curing for 84 gold pieces
 33118 | Orc:1    | Bought a potion of curing for 42 gold pieces
 33118 | Orc:1    | Bought a potion of heal wounds for 70 gold pieces
 33118 | Orc:1    | Bought a potion of curing for 42 gold pieces
 34117 | Depths:1 | Noticed a lich
 34463 | Depths:1 | Killed a lich
 34694 | Depths:1 | Killed from afar by a fire giant

Illustrated notes

Levels and vault maps discovered:
D:1:      elethiomel_arrival_infinity_welcomes_careful_drivers, layout_rooms,
          chequers_serial_rivers_micro_b, serial_park_tiny_2
D:2:      layout_rooms, basic_altar, minmay_misc_feat_hallway
D:3:      layout_loops_ring, hellmonk_ecumenical_altar_slurped_away,
          lightli_corner_chamber
D:4:      layout_loops_ring, minmay_temple_entry_gardened_gates, uniq_duvessa,
          uniq_sigmund
D:5:      layout_basic, chequers_ossuary_entry_cave
D:6:      layout_loops_corners, fedhas_altar_decomposition, minmay_mini_ossuary,
          uniq_crazy_yiuf_cottage
D:7:      layout_basic, uniq_menkaure
D:8:      layout_loops_ring, mainiacjoe_overflow_cross_hatched,
          nemelex_diamond_rough_becter, kennysheep_just_a_vault
D:9:      layout_rooms, gammafunk_temple_overflow_elements,
          mainiacjoe_overflow_concentric_impassable, fungi_pond_lemuel,
          grunt_ministairs_9
D:10:     layout_rooms, zin_academy, tso_oasis_becter,
          due_lair_maze_entry_diamond, special_room [special_room_orc],
          uniq_erica, uniq_joseph, uniq_sonja
D:11:     layout_irregular_city, serial_shops, nicolae_shop_crystal,
          due_unseen_surprise
D:12:     layout_loops_cross, orc_0_dummy, led_sif_pool
D:13:     layout_irregular_city, david_vaults_1, serial_shops, shop_statue,
          serial_bayou_lagoon_b, uniq_kirke, uniq_maurice
D:14:     layout_basic, ashenzari_altar_1, kennysheep_generic_room_4, uniq_agnes
D:15:     hangedman_depths_entry_civil_slaughter, layout_gridville,
          serial_glass, glass_columns_c, glass_columns_a, feat_on_display,
          due_unseen_surprise, grunt_decor_arrowhead
Temple:   eino_temple_water
Lair:1:   layout_regular_city, gammafunk_lair_bear_cave, lemuel_fruit_tree,
          grunt_megastairs_5
Lair:2:   layout_big_grid, spider_nest_entry_web_field
Lair:3:   wander_river, layout_layer_cave, portal_ice_cave_demonic_guard,
          serial_bayou_pond_d, infiniplex_staircase_pool_2, uniq_fannar
Lair:4:   layout_regular_city, elwin_shoals_entry_stream, grunt_megastairs_2
Lair:5:   statuecave_lemuel, layout_gridlike, minivault_26
Lair:6:   minmay_lair_end_enchanted_forest, layout_gridlike, slime_altar_2,
          special_room [special_room_mythical_zoo]
Orc:1:    hellmonk_paralyzer, layout_caves, serial_shops,
          nicolae_shop_statue_plus
Orc:2:    st_orc_elflike, layout_caves, basic_altar, serial_shops, shop
Depths:1: layout_cave_shapes, enter_ziggurat_f, kennysheep_nondescript,
          hangedman_coc_ice_floe, kennysheep_generic_room_6

Skill      XL: |  1  2  3  4  5  6  7  8  9 10 11 12 13 14 15 16 |
---------------+-------------------------------------------------+-----
Dodging        | 3 4 6 7 8 9 11 | 11.8
Throwing       | 1 2 3 |  3.2
Fighting       | 4 5 6 7 8 9 10 11 12 13 | 13.6
Long Blades    | 3 4 5 7 8 10 11 12 14 15 | 15.1
Invocations    | 1 2 3 4 6 7 9 10 12 13 14 | 14.4
Shields        | 4 5 6 7 9 10 11 12 | 12.8
Evocations     | 1 2 3 |  3.0
Spellcasting   | 4 |  4.8
Transmutations | 4 5 |  5.1
Maces & Flails | |  0.8

Action                   |  1- 3 |  4- 6 |  7- 9 | 10-12 | 13-15 | 16-18 || total
-------------------------+-------+-------+-------+-------+-------+-------++-------
Melee: Long sword        |    65 |    61 |   300 |   369 |       |       ||   795
       Tailslap          |     9 |    13 |    58 |   124 |   250 |   111 ||   565
       Whip              |    27 |       |       |       |       |       ||    27
       Scimitar          |       |       |       |   318 |   978 |   447 ||  1743
Throw: Dart              |    64 |       |       |    33 |    24 |       ||   121
 Cast: Wereblood         |       |       |       |     3 |    13 |     1 ||    17
Invok: Divine Shield     |       |       |     1 |     5 |     6 |     3 ||    15
       Cleansing Flame   |       |       |     1 |       |     3 |       ||     4
       Summon Divine War |       |       |       |     2 |     6 |     5 ||    13
 Abil: Breathe Lightning |       |       |     1 |     5 |     6 |       ||    12
Evoke: Wand              |       |       |       |    13 |    24 |       ||    37
       Box of beasts     |       |       |       |       |     1 |     1 ||     2
  Use: Potion            |     4 |       |     6 |     3 |     1 |     3 ||    17
       Scroll            |     3 |       |     5 |     1 |    12 |       ||    21
Armor: Skin              |    39 |    25 |   117 |   256 |   209 |   129 ||   775
Dodge: Dodged            |    79 |    34 |   224 |   510 |   563 |   332 ||  1742
Block: Buckler           |    36 |    13 |    89 |       |       |       ||   138
       Kite shield       |       |       |    11 |   572 |   634 |   417 ||  1634

Table legend: (Time is in decaauts)
 A = Elapsed time spent in this place.
 B = Non-inter-level travel time spent in this place.
 C = Inter-level travel time spent in this place.
 D = Time resting spent in this place.
 E = Time spent auto-exploring this place.
 F = Levels seen in this place.
 G = Mean time per level.
                   A        B        C        D        E       F      G
               +--------+--------+--------+--------+--------+-----+--------+
         Total |  34734 |  32891 |   1843 |   7966 |  19115 |  26 | 1335.9 |
       Dungeon |  21183 |  19947 |   1236 |   4322 |  12241 |  15 | 1412.2 |
        Temple |    483 |    468 |     15 |    255 |    195 |   1 |  483.0 |
          Lair |   8969 |   8576 |    393 |   2010 |   5151 |   6 | 1494.8 |
  Orcish Mines |   3009 |   2824 |    185 |   1001 |   1263 |   2 | 1504.5 |
        Depths |    198 |    186 |     12 |     24 |      0 |   1 |  198.0 |
      Ice Cave |    889 |    889 |      0 |    354 |    265 |   1 |  889.0 |
               +--------+--------+--------+--------+--------+-----+--------+

Top non-repeatable levels by time:
    D:15: 2571 daAuts
     D:6: 2380 daAuts
  Lair:3: 2111 daAuts
   Orc:1: 2049 daAuts
  Lair:6: 1896 daAuts
    D:14: 1887 daAuts
    D:12: 1842 daAuts
    D:13: 1809 daAuts
     D:5: 1763 daAuts
  Lair:5: 1738 daAuts
     D:9: 1724 daAuts
    D:10: 1426 daAuts
     D:7: 1341 daAuts
     D:8: 1239 daAuts
  Lair:2: 1164 daAuts
